 Seeded DCSS version 0.30-a0-918-g0ff054e9dc (webtiles) character file.

Game seed: 3125986916090331667 (custom seed)

10 bmack86 the Trooper (level 2, 27/27 HPs)
             Began as a Minotaur Fighter on Mar 20, 2023.
             Quit the game on level 1 of the Dungeon.
             The game lasted 00:01:38 (299 turns).

bmack86 the Trooper (Minotaur Fighter)               Turns: 299, Time: 00:01:39

Health: 27/27      AC: 10    Str: 20    XL:     2   Next: 10%
Magic:  1/1        EV:  9    Int:  5    God:
Gold:   7          SH:  6    Dex:  9    Spells: 1/1 levels left

rFire   . . .      SeeInvis .    a - +0 war axe
rCold   . . .      Faith    .    e - +2 buckler {AC+3}
rNeg    . . .      Spirit   .    b - +0 scale mail
rPois   .          Reflect  .    (helmet restricted)
rElec   .          Rampage  .    (no cloak)
rCorr   .                        (no gloves)
Will    .....                    (no boots) Stlth
                                 (no amulet)
HPRegen 0.24/turn                (no ring)
MPRegen 0.07/turn                (no ring)

@: no status effects
A: horns 2, retaliatory headbutt
a: no special abilities


You were on level 1 of the Dungeon.
You visited 1 branch of the dungeon, and saw 1 of its levels.

You collected 7 gold pieces.

Inventory:

Hand Weapons
 a - a +0 war axe (weapon)
Armour
 b - a +0 scale mail (worn)
 e - a +2 buckler of protection (worn)
Jewellery
 c - an amulet of magic regeneration
Potions
 d - a potion of might


   Skills:
 + Level 3.8 Fighting
 * Level 2.9 Axes
 + Level 3.8 Armour
 + Level 3.8 Shields


You had one spell level left.
You didn't know any spells.
Your spell library was empty.

Dungeon Overview and Level Annotations

Branches:
Dungeon (1/15)

Altars:


Innate Abilities, Weirdness & Mutations

You have a pair of horns on your head.
You reflexively headbutt those who attack you in melee.


Message History

The goblin is heavily wounded.
You block the goblin's attack. The goblin barely misses you.
You furiously retaliate!
You headbutt the goblin. You slash the goblin!
You kill the goblin!
Things that are here:
a +0 club; a goblin corpse A kobold comes into view.
It is wielding a +0 whip.
The kobold shouts!
The kobold throws a stone.
The stone closely misses you.
The kobold throws a stone.
The stone hits you but does no damage.
An endoplasm comes into view.
The kobold hits you but does no damage.
You hit the kobold.
The kobold is severely wounded.
You block the kobold's attack.
You slash the kobold!
You kill the kobold!
You have reached level 2!
The endoplasm hits you but does no damage.
Things that are here:
a +0 whip; 5 stones You hit the endoplasm.
You headbutt the endoplasm.
You kill the endoplasm!
Found a ring mail.
You now have 7 gold pieces.
c - an amulet of magic regeneration You see here 4 stones.
Found a stone staircase leading down.
A kobold comes into view. It is wielding a +0 short sword.
The kobold shouts!
There is a stone staircase leading down here.
You closely miss the kobold. You headbutt the kobold.
The kobold is severely wounded.
You block the kobold's attack.
You hit the kobold.
You kill the kobold!
Found 11 gold pieces.
You see here a +0 short sword.
Are you sure you want to abandon this character and quit the game? (Confirm with "yes".)

$. .Pb.~##.# ..
P.8.P.~#.# #.
..♣.b.~#.## .##
..b..P.+..# # ..# #
..♣...~#..# #.##.##.####
P.8.P.~#..# #...........
..P..~##..#### #@###....
~b.~~##......# #........
##+###....##.###>###....
....(.######.....# ..
#...### #####.# #...#
#.# ....# #.# ....# #.#
....# #..


There were no monsters in sight!

Vanquished Creatures
  2 endoplasms (D:1)
  3 kobolds (D:1)
  A ball python (D:1)
  3 goblins (D:1)
  A rat (D:1)
10 creatures vanquished.

Notes
Turn   | Place    | Note
-------+----------+-------------------------------------------
     0 | D:1      | bmack86 the Minotaur Fighter began the quest for the Orb.
     0 | D:1      | Reached XP level 1. HP: 19/19 MP: 0/0
    41 | D:1      | Identified a scroll of acquirement
    41 | D:1      | Acquired a +2 buckler of protection
   175 | D:1      | Reached XP level 2. HP: 27/27 MP: 1/1
   299 | D:1      | Quit the game

Illustrated notes

Levels and vault maps discovered:
D:1:      amcnicky_arrival_single_pillar, layout_loops_cross,
          hangedman_glass_garden

Action                     || total
---------------------------++-------
  Melee: War axe           ||    23
         Headbutt          ||     4
    Use: Scroll            ||     1
 Armour: Scale mail        ||    10
  Dodge: Dodged            ||     6
  Block: Buckler           ||     7

Table legend: (Time is in decaauts)
 A = Elapsed time spent in this place.
 B = Non-inter-level travel time spent in this place.
 C = Inter-level travel time spent in this place.
 D = Time resting spent in this place.
 E = Time spent auto-exploring this place.
 F = Levels seen in this place.
 G = Mean time per level.
                   A        B        C        D        E       F      G
               +--------+--------+--------+--------+--------+-----+--------+
         Total |    308 |    308 |      0 |      0 |    206 |   1 |  308.0 |
       Dungeon |    308 |    308 |      0 |      0 |    206 |   1 |  308.0 |
               +--------+--------+--------+--------+--------+-----+--------+

Top non-repeatable levels by time:
     D:1: 308 daAuts
